 Dungeon Crawl Stone Soup version 0.25.0-46-gbd7b0854d2 (webtiles) character file.

Game seed: 14188265016343118313

53 Elvor the Bolt Thrower (level 3, -1/31 HPs)
             Began as a Minotaur Hunter on July 17, 2020.
             Slain by an adder (2 damage)
             ... on level 1 of the Dungeon.
             The game lasted 00:08:45 (1042 turns).

Elvor the Bolt Thrower (Minotaur Hunter)            Turns: 1042, Time: 00:08:45

Health: -1/31      AC:  3    Str: 23    XL:     3   Next: 62%
Magic:  2/2        EV: 12    Int:  8    God:
Gold:   55         SH:  0    Dex: 10    Spells: 2/2 levels left

rFire    . . .     SeeInvis .   b - +0 short sword
rCold    . . .     Gourm    .   (no shield)
rNeg     . . .     Faith    .   c - +0 leather armour
rPois    .         Spirit   .   (helmet restricted)
rElec    .         Reflect  .   (no cloak)
rCorr    .         Harm     .   (no gloves)
MR       .....                  (no boots)
Stlth    +.........             (no amulet)
HPRegen  0.10/turn              h - +6 ring of strength
MPRegen  0.08/turn              (no ring)

@: lethally poisoned (-1 -> -5)
A: retaliatory headbutt, horns 2
a: no special abilities


You were on level 1 of the Dungeon.
You were not hungry.

You visited 1 branch of the dungeon, and saw 2 of its levels.

You collected 55 gold pieces.

Inventory:

Hand Weapons
 a - a +1 hand crossbow
 b - a +0 short sword (weapon)
Missiles
 d - 2 bolts
 q - 6 curare-tipped darts (quivered)
Armour
 c - a +0 leather armour (worn)
 o - a +0 plate armour
Jewellery
 h - a +6 ring of strength (left hand)
Scrolls
 i - 2 scrolls of magic mapping {unknown}
 j - 4 scrolls of remove curse {unknown}
 l - a scroll of identify {unknown}
Potions
 e - a potion of heal wounds {unknown}
 k - a potion of brilliance {unknown}
 m - 2 potions of lignification {unknown}
 n - a potion of invisibility {unknown}
 p - a potion of might {unknown}
 r - a potion of curing {unknown}
Comestibles
 f - a ration
 g - 5 chunks of flesh


   Skills:
 * Level 3.0 Fighting
 + Level 5.4 Crossbows
 + Level 0.1 Armour
 + Level 2.3 Dodging
 + Level 1.1 Stealth


You had 2 spell levels left.
You didn't know any spells.
Your spell library was empty.

Dungeon Overview and Level Annotations

Branches:
Dungeon (2/15)

Altars:
Fedhas


Innate Abilities, Weirdness & Mutations

You reflexively headbutt those who attack you in melee.
You have a pair of horns on your head.


Message History

The orc wizard flickers and vanishes!
You feel sick. The adder bites you but does no damage. The adder misses you.
You feel sick.
You are no longer poisoned.
The adder closely misses you. The adder bites you but does no damage.
There is a stone staircase leading up here.
You can't go down here!
The adder bites you but does no damage. The adder misses you.
You climb upwards.
Reactivating autopickup.
There is a stone staircase leading down here.
You miss the adder. Your headbutt misses the adder.
The adder closely misses you. The adder bites you.
* * * LOW HITPOINT WARNING * * *
You are lethally poisoned!
The adder poisons you! The adder bites you.
You die...

#...##########. ###
#...#...'....#. ..#
#...#...'....#. ..#####
#...#...'....#. ......#
#'''#''##....#. ......# #####
#.).#..###'''#' ......# #...#
#...#..'<#...#.
......####...######...######...#.
......'..'...).S@##......'.....#.
......####...###S##......'.....#.
...#### #...# #.##......'.....#.
##.# #...###.###############. #.#
###.....#.....#.'....... #.#
##..#...###.#...'....... #.#
#####...##.####.#.#.'.......
##.###.....#.[.......#.#########'
.....'....##.)รท##.####.# #.


You could see 2 adders.

Vanquished Creatures
  3 dart slugs
  A leopard gecko (D:2)
  An orc (D:2)
  2 ball pythons
  A giant cockroach (D:2)
  7 goblins
  2 hobgoblins (D:2)
  3 jackals (D:1)
  4 bats
  5 frilled lizards
  7 kobolds
  5 rats
41 creatures vanquished.

Notes
Turn   | Place    | Note
-------+----------+-------------------------------------------
     0 | D:1      | Elvor the Minotaur Hunter began the quest for the Orb.
     0 | D:1      | Reached XP level 1. HP: 18/18 MP: 0/0
   166 | D:1      | Reached XP level 2. HP: 25/25 MP: 1/1
   491 | D:1      | Reached skill level 5 in Crossbows
   660 | D:1      | Reached XP level 3. HP: 30/30 MP: 2/2
   778 | D:2      | Found a blossoming altar of Fedhas.
   988 | D:2      | Reached skill level 1 in Stealth
  1042 | D:1      | HP: 1/31 [adder (3)]
  1042 | D:1      | Slain by an adder

Illustrated notes

Levels and vault maps discovered:
D:1:      minmay_arrival_widening_spiral_wide, layout_basic, solitary_fountain,
          minmay_tromino_v4_c
D:2:      layout_rooms, lemuel_round_altar, minmay_hedge_maze

Skill      XL: |  1  2  3 |
---------------+----------+-----
Crossbows      | 5 |  5.4
Fighting       | 3 |  3.0
Stealth        | 1 |  1.1
Armour         | |  0.1
Dodging        | |  2.3

Action                   || total
-------------------------++-------
Melee: Short sword       ||    18
       Headbutt          ||     4
 Fire: Hand crossbow     ||    58
Armor: Leather armour    ||    18
Dodge: Dodged            ||    31
